 Dungeon Sprint DCSS version 0.30-a0-465-g8901f6c8b5 (webtiles) character file.

Game seed: 17576087581713536120

33 NinjaNoafa the Grappler (level 6, -2/67 HPs)
             Began as a Troll Monk on Dec 18, 2022.
             Was an Elder of Wu Jian.
             Slain by a boulder beetle (42 damage)
             ... in the Dungeon (Sprint VI: "Thunderdome").
             The game lasted 00:03:39 (441 turns).

NinjaNoafa the Grappler (Troll Monk)                 Turns: 441, Time: 00:03:40

Health: -2/67      AC:  4    Str: 24    XL:     6   Next: 41%
Magic:  0/5        EV: 12    Int:  6    God:    Wu Jian [****..]
Gold:   70         SH:  0    Dex: 14    Spells: 5/5 levels left

rFire   . . .      SeeInvis +      - Unarmed
rCold   . . .      Faith    .    (no shield)
rNeg    . . .      Spirit   +    a - +0 robe
rPois   +          Reflect  .    (helmet restricted)
rElec   .          Harm     .    (no cloak)
rCorr   .          Rampage  .    (gloves unavailable)
Will    +....      NoTele   +    (boots unavailable)
Stlth   ++........               m - amulet "Xudd" {Spirit rPois Str+4}
HPRegen 1.11/turn                n - ring "Neov" {Will+ SInv}
MPRegen 0.09/turn                (no ring)

@: serpent's lash
A: large, unfitting armour, claws 3, regeneration 1, shaggy fur 1, tough skin 1
a: Renounce Religion, Wall Jump, Serpent's Lash


You were in the Dungeon.
You worshipped Wu Jian.
Wu Jian was greatly pleased with you.
You visited 1 branch You collected 250 gold pieces.
You spent 180 gold pieces at shops.

Inventory:

Armour
 a - a +0 robe (worn)
Jewellery
 m - the amulet "Xudd" (around neck) {Spirit rPois Str+4}
   (You bought it in a shop in the Dungeon)

   [amulet of guardian spirit]

   It causes incoming damage to be divided between your reserves of health and
   magic.
   Str:       It affects your strength (+4).
   rPois:     It protects you from poison.
 n - the ring "Neov" (left claw) {Will+ SInv}
   (You bought it in a shop in the Dungeon)

   [ring of see invisible]

   SInv:      It lets you see invisible.
   Will:      It increases your willpower.
 o - the ring of the Shining One's Envy {Ice *Corrode rPois Int+8 Dex-3}
   (You bought it in a shop in the Dungeon)

   [ring of ice]

   It enhances your ice magic.
   Int:       It affects your intelligence (+8).
   Dex:       It affects your dexterity (-3).
   rF:        It makes you vulnerable to fire.
   rC:        It protects you from cold.
   rPois:     It protects you from poison.
   *Corrode:  It may corrode you when you take damage.
Wands
 j - a wand of acid (5)
 k - a wand of iceblast (5)
Scrolls
 h - 4 scrolls of blinking
 l - 3 scrolls of fog
Potions
 b - a potion of ambrosia
 c - a potion of curing
 d - 3 potions of heal wounds
 e - 4 potions of haste
 f - 2 potions of magic
 g - a potion of berserk rage
 i - a potion of resistance


   Skills:
 + Level 6.2 Fighting
 + Level 6.2 Dodging
 - Level 1.0 Stealth
 * Level 10.3 Unarmed Combat


You had 5 spell levels left.
You didn't know any spells.
Your spell library was empty.

Dungeon Overview and Level Annotations

Branches:
Dungeon (1/1)

Altars:
Cheibriados
Dithmenos
Fedhas
Gozag
Kikubaaqudgha
Makhleb
Okawaru
Qazlal
Ru
Sif Muna
Trog
Uskayaw
Vehumet
Wu Jian
Xom
Yredelemnul
Zin
The Shining One
Lugonu

Shops:
D *[??*?*:[((!!!!


Innate Abilities, Weirdness & Mutations

You are too large for most types of armour.
You have claws for hands.
Your natural rate of healing is unusually fast.
You are covered in fur. (AC +1)
You have tough skin. (AC +1)


Message History

You scratch the boulder beetle.
The boulder beetle is lightly wounded.
The boulder beetle closely misses you.
The boulder beetle stops rolling and uncurls.
The boulder beetle attacks as you move away!
The boulder beetle bites you!
The boulder beetle waves its antennae.
You scratch the boulder beetle.
The boulder beetle is lightly wounded.
The boulder beetle bites you!!
The boulder beetle curls into a ball and begins rolling!
Okay, then.
You are too injured to fight recklessly!
You feel much better.
Aiming: Wall Jump
Press: ? - help, Dir - move target The boulder beetle hits you!
The boulder beetle stops rolling and uncurls.
The boulder beetle bites you.
There is nothing to wall jump against here.
Unknown command.
You spin and attack the boulder beetle.
You scratch the boulder beetle but do no damage.
The boulder beetle is lightly wounded.
The boulder beetle completely misses you.
You spin and attack the boulder beetle.
You scratch the boulder beetle but do no damage.
The boulder beetle is lightly wounded.
The boulder beetle leaps!
Aiming: Wall Jump
Press: ? - help, Dir - move target An iron imp comes into view.
Your muscles tense, ready for explosive movement...
The boulder beetle curls into a ball and begins rolling!
The iron imp shouts!
You scratch the boulder beetle.
The boulder beetle is lightly wounded.
The boulder beetle hits you!!!
Ouch! That really hurt!
You die...

###.........###
#⌠...........⌠#
######.8.........8.###
##.__.......###......__
###∩........8.# #.8.§....
##.............###........
#⌠..."...°[.###...###.....
#⌠.......B..# #.<.# #.....
#††......@..###...###.....
##.......○.....###........
###∩........8.# #.8......
##∩___......###......._
######.8.........8.###
#⌠...........⌠#
###...5.....###
#........_# #_......._#


You could see a boulder beetle (rolling) and an iron imp.

Vanquished Creatures
  Sigmund (D)
  3 scorpions (D)
  An iron imp (D)
  3 giant cockroaches (D)
  A goblin (D)
  A hobgoblin (D)
  A rat (D)
11 creatures vanquished.

Notes
Turn   | Place    | Note
-------+----------+-------------------------------------------
     0 | D        | NinjaNoafa the Troll Monk began the quest for the Orb.
     0 | D        | Reached XP level 1. HP: 22/22 MP: 0/0
     1 | D        | Found a burning altar of Makhleb.
     2 | D        | Found a shimmering blue altar of Sif Muna.
     2 | D        | Found a shimmering altar of Xom.
     3 | D        | Found a basalt altar of Yredelemnul.
     3 | D        | Found a blossoming altar of Fedhas.
     4 | D        | Found an ornate altar of the Wu Jian Council.
     4 | D        | Found Qampentul's Weapon Rack.
     4 | D        | Found Egouk's Premium Goods.
     5 | D        | Found Laifog's Basic Armour.
     5 | D        | Found Wumoxkit's Miscellaneous Merchandise.
     5 | D        | Round 1.
    10 | D        | Found a hide-covered altar of Uskayaw.
    11 | D        | Found an ancient bone altar of Kikubaaqudgha.
    12 | D        | Found a bloodstained altar of Trog.
    16 | D        | Became a worshipper of the Wu Jian Council
    16 | D        | Reached * piety under Wu Jian
    16 | D        | Reached ** piety under Wu Jian
    32 | D        | Found an opulent altar of Gozag.
    32 | D        | Found Ryfemynn's Do-It-Yourself Clinic.
    32 | D        | Found Suiploj's Bottled Wisdom.
    33 | D        | Found Utzeant's Distillery.
    38 | D        | Found Kedducea's Distillery.
    38 | D        | Found a corrupted altar of Lugonu.
    38 | D        | Found a glowing silver altar of Zin.
    49 | D        | Found a stormy altar of Qazlal.
    53 | D        | Found a radiant altar of Vehumet.
    53 | D        | Found Plog's Staff Store.
    53 | D        | Found Ythuosat's Must-Have Magic.
    54 | D        | Found Noutost's Magic Scroll Shop.
    60 | D        | Found Tusmoimi's Magic Scroll Shop.
    60 | D        | Found an iron altar of Okawaru.
    60 | D        | Found a shadowy altar of Dithmenos.
    60 | D        | Found a glowing golden altar of the Shining One.
    88 | D        | Found a snail-covered altar of Cheibriados.
    90 | D        | Found a sacrificial altar of Ru.
    90 | D        | Found Vavukit's Jewellery.
    91 | D        | Found Vaboik's Advanced Armour.
    92 | D        | Found Ithruoz's Identification Station.
    98 | D        | Bought a crude emerald amulet for 45 gold pieces
    98 | D        | Identified the amulet "Xudd" {Spirit rPois Str+4} (You
                  | bought it in a shop in the Dungeon)
   105 | D        | Bought an ancient amber ring for 45 gold pieces
   105 | D        | Identified the ring "Neov" {Will+ SInv} (You bought it in a
                  | shop in the Dungeon)
   105 | D        | Bought an ancient iron ring for 45 gold pieces
   105 | D        | Identified the ring of the Shining One's Envy {Ice *Corrode
                  | rPois Int+8 Dex-3} (You bought it in a shop in the Dungeon)
   110 | D        | Bought a pitted brass amulet for 45 gold pieces
   110 | D        | Identified the amulet "Ticiaput" {Acrobat Int+4} (You
                  | bought it in a shop in the Dungeon)
   137 | D        | Noticed Sigmund
   151 | D        | Killed Sigmund
   152 | D        | Reached skill level 5 in Fighting
   152 | D        | Reached skill level 5 in Dodging
   152 | D        | Reached skill level 8 in Unarmed Combat
   152 | D        | Reached XP level 2. HP: 35/35 MP: 1/1
   152 | D        | Reached XP level 3. HP: 42/42 MP: 2/2
   152 | D        | Reached XP level 4. HP: 50/50 MP: 3/3
   152 | D        | Reached XP level 5. HP: 57/57 MP: 4/4
   185 | D        | Arena points: 5 (+5) [x1]
   200 | D        | Round 2.
   204 | D        | Reached *** piety under Wu Jian
   313 | D        | Reached skill level 9 in Unarmed Combat
   313 | D        | Reached XP level 6. HP: 54/67 MP: 5/5
   317 | D        | Reached **** piety under Wu Jian
   318 | D        | Reached skill level 10 in Unarmed Combat
   329 | D        | Arena points: 33 (+28) [x2]
   398 | D        | Round 3.
   425 | D        | Noticed a boulder beetle
   441 | D        | Slain by a boulder beetle

Illustrated notes

Levels and vault maps discovered:
D:        arena_sprint

Skill      XL: |  1  2  3  4  5  6 |
---------------+-------------------+-----
Fighting       | 5 6 |  6.2
Dodging        | 5 6 |  6.2
Unarmed Combat | 8 9 10 | 10.3
Stealth        | |  1.0

Action                   |  1- 3 |  4- 6 || total
-------------------------+-------+-------++-------
Melee: Unarmed           |    20 |    34 ||    54
       Punch             |       |     1 ||     1
Invok: Whirlwind         |     7 |    18 ||    25
       Lunge             |     1 |     1 ||     2
       Serpent's Lash    |       |     1 ||     1
 Abil: Wall Jump         |     5 |     3 ||     8
  Use: Potion            |       |     1 ||     1
Armor: Robe              |     1 |     7 ||     8
Dodge: Dodged            |     6 |     8 ||    14

Table legend: (Time is in decaauts)
 A = Elapsed time spent in this place.
 B = Non-inter-level travel time spent in this place.
 C = Inter-level travel time spent in this place.
 D = Time resting spent in this place.
 E = Time spent auto-exploring this place.
 F = Levels seen in this place.
 G = Mean time per level.
                   A        B        C        D        E       F      G
               +--------+--------+--------+--------+--------+-----+--------+
         Total |    446 |    436 |     10 |    206 |     68 |   1 |  446.0 |
       Dungeon |    446 |    436 |     10 |    206 |     68 |   1 |  446.0 |
               +--------+--------+--------+--------+--------+-----+--------+

Top non-repeatable levels by time:
       D: 446 daAuts
